 Dungeon Crawl Stone Soup version 0.26-a0-388-gf3277c4969 (webtiles) character file.

Game seed: 9659698483184213535

3659 Gargoyl the Fighter (level 10, -6/80 HPs)
             Began as a Gnoll Abyssal Knight on July 21, 2020.
             Was an Elder of Lugonu.
             Mangled by a two-headed ogre
             ... wielding a +0 giant club
              (8 damage)
             ... on level 8 of the Dungeon.
             The game lasted 00:13:07 (9046 turns).

Gargoyl the Fighter (Gnoll Abyssal Knight)          Turns: 9046, Time: 00:13:08

Health: -6/80      AC: 21    Str: 21    XL:     10   Next: 12%
Magic:  17/17      EV: 11    Int: 14    God:    Lugonu [****..]
Gold:   268        SH: 10    Dex: 15    Spells: 18/18 levels left

rFire    . . .     SeeInvis .   a - +2 hand axe
rCold    . . .     Faith    .   i - +0 kite shield
rNeg     + . .     Spirit   .   q - +3 chain mail {rPois}
rPois    +         Reflect  .   v - +0 helmet
rElec    .         Harm     .   (no cloak)
rCorr    .                      B - +0 pair of gloves {Str+3}
MR       .....                  y - +0 pair of boots
Stlth    +.........             (no amulet)
HPRegen  0.23/turn              x - ring of positive energy
MPRegen  0.15/turn              D - ring of stealth

@: no status effects
A: distributed training, fangs 1, repulsion field 1, molten scales 1, slimy
green scales 1, evolution 1, strong nose
a: Depart the Abyss, Bend Space, Banish, Corrupt, Renounce Religion


You were on level 8 of the Dungeon.
You worshipped Lugonu.
Lugonu was greatly pleased with you.
You visited 1 branch of the dungeon, and saw 8 of its levels.
You visited the Abyss 1 time.

You collected 628 gold pieces.
You spent 360 gold pieces at shops.

Inventory:

Hand Weapons
 a - a +2 hand axe (weapon)
Missiles
 s - 5 javelins (quivered)
Armour
 i - a +0 kite shield (worn)
 q - a +3 chain mail of poison resistance (worn)
 v - a +0 helmet (worn)
 y - a +0 pair of boots (worn)
 B - a +0 pair of gloves of strength (worn)
Jewellery
 d - an uncursed ring of poison resistance
 k - an uncursed ring of flight
 x - a ring of positive energy (left hand)
 D - a ring of stealth (right hand)
 F - an uncursed amulet of faith
 G - an uncursed amulet of the acrobat {unknown}
Wands
 m - a wand of polymorph (10)
 u - a wand of enslavement (20)
Scrolls
 c - a scroll of identify
 g - 3 scrolls of fog
 r - 7 scrolls of teleportation
 w - 2 scrolls of remove curse
Potions
 b - 3 potions of flight
 e - 3 potions of berserk rage
 f - a potion of might
 h - 2 potions of mutation
 j - a potion of resistance {unknown}
 l - 6 potions of curing
 n - a potion of stabbing {unknown}
 o - a potion of haste {unknown}
 p - 3 potions of heal wounds {unknown}
 t - a potion of magic {unknown}
 z - 2 potions of cancellation {unknown}
 A - a potion of ambrosia {unknown}
 C - 2 potions of lignification {unknown}
 E - a potion of brilliance {unknown}


   Skills:
 + Level 8.2 Fighting
 + Level 4.9 Short Blades
 + Level 4.9 Long Blades
 + Level 6.8 Axes
 + Level 4.9 Maces & Flails
 + Level 4.9 Polearms
 + Level 4.9 Staves
 + Level 4.9 Slings
 + Level 4.9 Bows
 + Level 4.9 Crossbows
 + Level 4.9 Throwing
 + Level 6.8 Armour
 + Level 5.6 Dodging
 + Level 4.9 Stealth
 + Level 4.9 Shields
 + Level 4.9 Unarmed Combat
 + Level 4.9 Spellcasting
 + Level 4.0 Conjurations
 + Level 4.0 Hexes
   Level 0.0 Charms
 + Level 4.0 Summonings
 + Level 4.0 Necromancy
 + Level 4.0 Translocations
 + Level 4.0 Transmutations
 + Level 4.0 Fire Magic
 + Level 4.0 Ice Magic
 + Level 4.0 Air Magic
 + Level 4.0 Earth Magic
 + Level 4.0 Poison Magic
 + Level 7.1 Invocations
 + Level 4.9 Evocations


You had 18 spell levels left.
You didn't know any spells.
Your spell library was empty.

Dungeon Overview and Level Annotations

Branches:
Dungeon (8/15)             Temple (0/1) D:7
   Lair: D:8-11

Altars:
Dithmenos
Elyvilon
Fedhas
Gozag
Kikubaaqudgha
Makhleb
Okawaru
Qazlal
Ru
Trog
Vehumet
Wu Jian
Yredelemnul
The Shining One

Shops:
D:5 *


Innate Abilities, Weirdness & Mutations

Your experience applies equally to all skills.
You have very sharp teeth.
Your uncanny sense of smell can sniff out nearby items.
You are surrounded by a mild repulsion field. (EV +2)
You are partially covered in molten scales. (AC +2)
You are partially covered in slimy green scales. (AC +2)
You evolve.


Message History

The two-headed ogre is heavily wounded.
You block the two-headed ogre's attack.
The two-headed ogre hits you with a +0 giant club!!
There is an open door, spattered with blood here.
You slash the two-headed ogre!
The two-headed ogre is severely wounded.
You block the two-headed ogre's attack. The two-headed ogre barely misses you.
There is an open door, spattered with blood here.
Your shield prevents you from hitting the two-headed ogre.
The two-headed ogre is severely wounded.
The two-headed ogre hits you with a +0 giant club!
* * * LOW HITPOINT WARNING * * *
You block the two-headed ogre's attack.
There is an open door, spattered with blood here.
You hit the two-headed ogre but do no damage.
The two-headed ogre is severely wounded.
The two-headed ogre hits you with a +0 giant club!!
* * * LOW HITPOINT WARNING * * *
The two-headed ogre hits you with a +0 giant club!
You die...

#...#........
#######...#........
..........#........
..........#........
..........#........
..........#........
......O...#........
######@###........
.................## ∆
.................#
..............<..#
.................#
.................#
...#######.......#
#######.....#.......+
#....'......'.......#


You could see a two-headed ogre.

Vanquished Creatures
  The ghost of Gargoyl the Skirmisher, a novice GnAK of Lugonu (D:7)
  A hippogriff (D:7)
  Sigmund (D:6)
  An orc warrior (D:6)
  An ogre (D:4)
  A phantom (D:4)
  A big kobold (D:7)
  3 bullfrogs
  2 scorpions (D:7)
  4 howler monkeys
  A centaur zombie (D:7)
  2 jellies
  2 bullfrog skeletons
  3 orc priests
  2 hounds
  Jessica (D:2)
  A centaur skeleton (D:7)
  3 iguanas
  Natasha (D:2)
  7 worker ants
  6 orc wizards
  A statue (D:6)
  Robin (D:4)
  8 gnolls
  A worker ant zombie (D:8)
  14 adders
  A shadow imp (D:6)
  2 white imps
  2 ufetubi (D:5)
  An ooze (D:3)
  2 adder zombies
  4 worms
  3 dart slugs
  4 leopard geckos
  22 orcs
  7 bats
  10 giant cockroaches
  11 hobgoblins
  16 jackals
  5 quokkas
  3 ball pythons
  9 frilled lizards
  17 goblins
  A goblin skeleton (D:5)
  3 hobgoblin zombies (D:5)
  A jackal skeleton (D:7)
  10 kobolds
  A kobold skeleton (D:5)
  An orc skeleton (D:5)
  3 orc zombies (D:5)
  A quokka skeleton (D:6)
  5 rats
215 creatures vanquished.

Vanquished Creatures (others)
  A two-headed ogre (D:6)
  An ice beast (D:3)
2 creatures vanquished.

Grand Total: 217 creatures vanquished

Notes
Turn   | Place    | Note
-------+----------+-------------------------------------------
     0 | Abyss:1  | Gargoyl the Gnoll Abyssal Knight began the quest for the
                  | Orb.
     0 | Abyss:1  | Reached XP level 1. HP: 23/23 MP: 3/3
    43 | Abyss:1  | Noticed a flying skull
    51 | Abyss:2  | Found a corrupted altar of Lugonu.
   122 | Abyss:2  | Noticed a small abomination
   130 | Abyss:2  | HP: 1/23 [small abomination (22)]
   132 | D:1      | Escaped the Abyss
   501 | D:1      | Reached * piety under Lugonu
   509 | D:1      | Reached XP level 2. HP: 22/29 MP: 5/5
   891 | D:1      | Reached XP level 3. HP: 23/35 MP: 6/6
  1909 | D:2      | Reached skill level 1 in Short Blades
  1909 | D:2      | Reached skill level 1 in Long Blades
  1909 | D:2      | Reached skill level 1 in Maces & Flails
  1909 | D:2      | Reached skill level 1 in Polearms
  1909 | D:2      | Reached skill level 1 in Staves
  1909 | D:2      | Reached skill level 1 in Slings
  1909 | D:2      | Reached skill level 1 in Bows
  1909 | D:2      | Reached skill level 1 in Crossbows
  1909 | D:2      | Reached skill level 1 in Throwing
  1909 | D:2      | Reached skill level 1 in Stealth
  1909 | D:2      | Reached skill level 1 in Shields
  1909 | D:2      | Reached skill level 1 in Unarmed Combat
  1909 | D:2      | Reached skill level 1 in Spellcasting
  1909 | D:2      | Reached skill level 1 in Evocations
  1909 | D:2      | Reached XP level 4. HP: 36/41 MP: 7/7
  1971 | D:2      | Found an ancient bone altar of Kikubaaqudgha.
  1981 | D:2      | Noticed Jessica
  1991 | D:2      | Killed Jessica
  1991 | D:2      | Reached skill level 1 in Conjurations
  1991 | D:2      | Reached skill level 1 in Hexes
  1991 | D:2      | Reached skill level 1 in Summonings
  1991 | D:2      | Reached skill level 1 in Necromancy
  1991 | D:2      | Reached skill level 1 in Translocations
  1991 | D:2      | Reached skill level 1 in Transmutations
  1991 | D:2      | Reached skill level 1 in Fire Magic
  1991 | D:2      | Reached skill level 1 in Ice Magic
  1991 | D:2      | Reached skill level 1 in Air Magic
  1991 | D:2      | Reached skill level 1 in Earth Magic
  1991 | D:2      | Reached skill level 1 in Poison Magic
  2154 | D:2      | Reached XP level 5. HP: 34/47 MP: 8/8
  2174 | D:2      | Reached ** piety under Lugonu
  2445 | D:2      | Found an iron altar of Okawaru.
  2837 | D:2      | Found a stormy altar of Qazlal.
  2837 | D:2      | Found a transporter.
  2847 | D:2      | Found a transporter.
  2864 | D:2      | Reached XP level 6. HP: 39/53 MP: 9/9
  2870 | D:2      | Reached skill level 5 in Invocations
  3133 | D:2      | Noticed Natasha
  3141 | D:2      | Killed Natasha
  3229 | D:3      | Found an ornate altar of the Wu Jian Council.
  3420 | D:3      | Found a burning altar of Makhleb.
  3421 | D:3      | Found a blossoming altar of Fedhas.
  3429 | D:3      | Found a white marble altar of Elyvilon.
  3433 | D:3      | Found a basalt altar of Yredelemnul.
  3601 | D:3      | Found an opulent altar of Gozag.
  3752 | D:3      | Found a sacrificial altar of Ru.
  3752 | D:3      | Found a bloodstained altar of Trog.
  3877 | D:4      | Reached skill level 5 in Axes
  3877 | D:4      | Reached skill level 5 in Armour
  3998 | D:4      | Reached XP level 7. HP: 13/59 MP: 10/10
  4291 | D:4      | Reached skill level 7 in Fighting
  4350 | D:4      | Reached *** piety under Lugonu
  4754 | D:4      | Noticed Robin
  4768 | D:4      | Killed Robin
  5359 | D:4      | Reached XP level 8. HP: 50/67 MP: 12/12
  5990 | D:5      | Entered Level 5 of the Dungeon
  6007 | D:5      | Found a glowing golden altar of the Shining One.
  6169 | D:5      | Found a stormy altar of Qazlal.
  6225 | D:5      | Gained mutation: You evolve. [potion of mutation]
  6225 | D:5      | Gained mutation: You rapidly evolve. [potion of mutation]
  6225 | D:5      | Gained mutation: You are partially covered in molten
                  | scales. (AC +2) [potion of mutation]
  6225 | D:5      | Gained mutation: You are resistant to hostile enchantments.
                  | (MR+) [potion of mutation]
  6429 | D:5      | Found Kiguh's Assorted Antiques.
  6437 | D:5      | Bought a pair of runed gloves for 180 gold pieces
  6452 | D:5      | Bought a shiny chain mail for 180 gold pieces
  6609 | D:5      | Found a shadowy altar of Dithmenos.
  7156 | D:6      | Found a radiant altar of Vehumet.
  7263 | D:6      | Noticed a two-headed ogre
  7264 | D:6      | Banished a two-headed ogre
  7264 | D:6      | Reached XP level 9. HP: 73/73 MP: 12/14
  7326 | D:6      | Noticed Sigmund
  7346 | D:6      | Killed Sigmund
  7451 | D:6      | Reached **** piety under Lugonu
  7607 | D:6      | Found a bloodstained altar of Trog.
  7627 | D:6      | Gained mutation: You have a pair of small horns on your
                  | head. [evolution]
  7640 | D:6      | Lost mutation: You rapidly evolve. [potion of mutation]
  7640 | D:6      | Lost mutation: You have a pair of small horns on your head.
                  | [potion of mutation]
  7640 | D:6      | Lost mutation: You are resistant to hostile enchantments.
                  | (MR+) [potion of mutation]
  7640 | D:6      | Gained mutation: You are partially covered in slimy green
                  | scales. (AC +2) [potion of mutation]
  7640 | D:6      | Gained mutation: You are surrounded by a mild repulsion
                  | field. (EV +2) [potion of mutation]
  7674 | D:6      | Reached skill level 5 in Dodging
  8052 | D:7      | Reached skill level 8 in Fighting
  8187 | D:7      | Found a staircase to the Ecumenical Temple.
  8230 | D:7      | Found a runed translucent door.
  8230 | D:7      | Noticed Gargoyl's ghost (novice GnAK)
  8313 | D:7      | Killed Gargoyl's ghost
  8313 | D:7      | Reached XP level 10. HP: 57/80 MP: 15/17
  9034 | D:8      | Noticed a two-headed ogre
  9046 | D:8      | HP: 2/80 [two-headed ogre/+0 giant club (20)]
  9046 | D:8      | Mangled by a two-headed ogre

Illustrated notes

Levels and vault maps discovered:
D:1:      doesnt_arrival_eight_statues, layout_loops_ring
D:2:      minmay_diamond_boxcup, layout_loops_ring, kiku_gazebo_garden_becter,
          gammafunk_temple_overflow_arena, minmay_misc_feat_encased,
          okawaru_gym_becter, uniq_natasha, uniq_jessica
D:3:      layout_basic, overflow_temple_1_default, grunt_temple_overflow_open,
          chequers_temple_overflow_statue_of_worship
D:4:      layout_loops_ring, uniq_robin
D:5:      layout_loops_ring, nicolae_tso_besieged_by_evil,
          overflow_temple_1_default, serial_shops, shop, grunt_qazlal_sundering
D:6:      layout_basic, vehumet_statue, trog_butcher_becter, uniq_sigmund
D:7:      layout_basic, minmay_temple_entry_grid, hellmonk_ghost_happy_afterlife
D:8:      layout_gridville

Skill      XL: |  1  2  3  4  5  6  7  8  9 10 |
---------------+-------------------------------+-----
Short Blades   | 1 2 3 4 |  4.9
Long Blades    | 1 2 3 4 |  4.9
Maces & Flails | 1 2 3 4 |  4.9
Polearms       | 1 2 3 4 |  4.9
Staves         | 1 2 3 4 |  4.9
Slings         | 1 2 3 4 |  4.9
Bows           | 1 2 3 4 |  4.9
Crossbows      | 1 2 3 4 |  4.9
Throwing       | 1 2 3 4 |  4.9
Stealth        | 1 2 3 4 |  4.9
Shields        | 1 2 3 4 |  4.9
Unarmed Combat | 1 2 3 4 |  4.9
Spellcasting   | 1 2 3 4 |  4.9
Evocations     | 1 2 3 4 |  4.9
Conjurations   | 1 2 3 4 |  4.0
Hexes          | 1 2 3 4 |  4.0
Summonings     | 1 2 3 4 |  4.0
Necromancy     | 1 2 3 4 |  4.0
Translocations | 1 2 3 4 |  4.0
Transmutations | 1 2 3 4 |  4.0
Fire Magic     | 1 2 3 4 |  4.0
Ice Magic      | 1 2 3 4 |  4.0
Air Magic      | 1 2 3 4 |  4.0
Earth Magic    | 1 2 3 4 |  4.0
Poison Magic   | 1 2 3 4 |  4.0
Dodging        | 3 4 5 |  5.6
Invocations    | 5 6 7 |  7.1
Axes           | 5 6 |  6.8
Armour         | 5 6 |  6.8
Fighting       | 7 8 |  8.2

Action                   |  1- 3 |  4- 6 |  7- 9 | 10-12 || total
-------------------------+-------+-------+-------+-------++-------
Melee: Hand axe          |   138 |   247 |   477 |    50 ||   912
       Bite              |     7 |    27 |    69 |     6 ||   109
Throw: Boomerang         |       |     3 |       |       ||     3
Invok: Depart the Abyss  |     1 |       |       |       ||     1
       Banish            |       |       |     2 |       ||     2
  Use: Scroll            |     5 |     3 |     6 |     1 ||    15
       Potion            |       |       |     2 |       ||     2
Armor: Leather armour    |    59 |       |       |       ||    59
       Chain mail        |    11 |   120 |   242 |    28 ||   401
Dodge: Dodged            |   122 |    51 |   153 |    17 ||   343
Block: Kite shield       |     2 |   111 |   223 |    33 ||   369

Table legend: (Time is in decaauts)
 A = Elapsed time spent in this place.
 B = Non-inter-level travel time spent in this place.
 C = Inter-level travel time spent in this place.
 D = Time resting spent in this place.
 E = Time spent auto-exploring this place.
 F = Levels seen in this place.
 G = Mean time per level.
                   A        B        C        D        E       F      G
               +--------+--------+--------+--------+--------+-----+--------+
         Total |   9148 |   8993 |    155 |   2595 |   4330 |  10 |  914.8 |
       Dungeon |   9017 |   8862 |    155 |   2595 |   4231 |   8 | 1127.1 |
         Abyss |    130 |    130 |      0 |      0 |     99 |   2 |   65.0 |
               +--------+--------+--------+--------+--------+-----+--------+
Top levels by time: D:1: 1715 daAuts D:4: 1518 daAuts D:2: 1408 daAuts D:3: 1297 daAuts D:6: 1028 daAuts D:5: 927 daAuts D:7: 864 daAuts D:8: 258 daAuts Abyss:2: 79 daAuts Abyss:1: 51 daAuts
